 Dungeon Crawl Stone Soup version 0.29-a0-819-g94b489e0ae (webtiles) character file.

Game seed: 12495029281360294183

0 xian the Sneak (level 1, -5/11 HPs)
             Began as a Spriggan Delver on July 6, 2022.
             Slain by a lemure (9 damage)
             ... led by Pikel
             ... on level 4 of the Dungeon.
             The game lasted 00:02:16 (235 turns).

xian the Sneak (Spriggan Delver)                     Turns: 235, Time: 00:02:17

Health: -5/11      AC:  3    Str:  8    XL:     1   Next: 0%
Magic:  2/2        EV: 17    Int: 11    God:
Gold:   20         SH:  0    Dex: 16    Spells: 0/0 levels left

rFire   . . .      SeeInvis +   a - +0 short sword
rCold   . . .      Faith    .   (no shield)
rNeg    . . .      Spirit   .   i - +1 robe of Instinct {Contam Harm rElec}
rPois   .          Reflect  .   (helmet restricted)
rElec   +          Harm     +   (no cloak)
rCorr   .          Rampage  .   (gloves unavailable)
Will    .....                   (boots unavailable)
Stlth   ++++......              (no amulet)
HPRegen 0.03/turn               (no ring)
MPRegen 0.08/turn               (no ring)

@: very quick
A: very small, no large weapons, unfitting armour, see invisible, speed 3
a: no special abilities


You were on level 4 of the Dungeon.
You visited 1 branch of the dungeon, and saw 2 of its levels.

You collected 20 gold pieces.

Inventory:

Hand Weapons
 a - a +0 short sword (weapon)
Armour
 b - a +0 robe
 i - the +1 robe of Instinct (worn) {Contam Harm rElec}
   (You found it on level 5 of the Dungeon)

   rElec:     It insulates you from electricity.
   Contam:    It causes magical contamination when unequipped.
   Harm:      It increases damage dealt and taken.
Wands
 g - a wand of digging (3)
Scrolls
 c - a scroll of fog
 d - a scroll of magic mapping
 e - a scroll of fear
 h - a scroll of teleportation {unknown}
Potions
 f - a potion of haste


   Skills:
 + Level 2.4 Fighting
 + Level 2.1 Short Blades
 + Level 2.6 Dodging
 + Level 7.2 Stealth


You couldn't memorise any spells.
You didn't know any spells.
Your spell library was empty.

Dungeon Overview and Level Annotations

Branches:
Dungeon (5/15)
 Temple: D:4-7

Altars:
Kikubaaqudgha

Annotations:
D:4 Pikel


Innate Abilities, Weirdness & Mutations

You are very small and have problems with some larger weapons.
You are too small for most types of armour.
You have supernaturally acute eyesight. (SInv)
You cover ground extremely quickly. (Speed+++)


Message History

You now have 20 gold pieces (gained 11).
A shadow imp comes into view.
A gnoll comes into view. It is wielding a +0 halberd.
The gnoll shouts!
A gnoll bouda comes into view. It is wielding a +0 whip.
You open the door.
There is an open door here.
Found an ancient bone altar of Kikubaaqudgha.
An orc wizard comes into view. It is wielding a +0 dagger.
A quokka comes into view.
An iguana comes into view.
The gnoll shouts!
You hear a shout!
You open the door.
There is an open door here.
Something bites the plant.
The plant begins to die.
Found 4 stones.
You open the door.
There is an open door here.
There is an open door here.
You open the door.
A jelly comes into view.
Found a stone staircase leading up.
There is a stone staircase leading up here.
You climb upwards.
The lemure shouts!
The iguana hisses angrily.
Pikel shouts!
You hear an angry hiss.
The lemure shouts!
You hear a shout!
The lemure shouts!
There is a stone staircase leading down here.
The lemure closely misses you.
Pikel hits you with a +1 whip of flaming.
Ouch! That really hurt!
Pikel burns you.
You climb downwards.
There is a stone staircase leading up here.
Pikel barely misses you. The lemure barely misses you.
You climb upwards.
The lemure closely misses you.
There is a stone staircase leading down here.
You can't go up here!
The lemure closely misses you. The lemure hits you!
Ouch! That really hurt!
You die...

#. #.
##.
#..
#.5
#5.##
#rK5#
#@#
#5#
...
##.##
#.#
#.#
#..
##.


You could see Pikel, 4 lemures and a quokka.

Vanquished Creatures (others)
  2 plants (D:5)
2 creatures vanquished.

Notes
Turn   | Place    | Note
-------+----------+-------------------------------------------
     0 | D:5      | xian the Spriggan Delver began the quest for the Orb.
     0 | D:5      | Reached XP level 1. HP: 11/11 MP: 2/2
    14 | D:5      | Noticed an orc priest
    53 | D:5      | Identified the +1 robe of Instinct {Contam Harm rElec}
   136 | D:5      | Noticed a gnoll bouda
   169 | D:5      | Found an ancient bone altar of Kikubaaqudgha.
   182 | D:5      | Noticed an orc wizard
   187 | D:5      | Noticed an iguana
   214 | D:5      | Noticed a jelly
   230 | D:4      | Noticed Pikel
   230 | D:4      | Noticed a lemure
   230 | D:4      | Noticed a lemure
   230 | D:4      | Noticed a lemure
   230 | D:4      | Noticed an iguana
   231 | D:4      | Noticed a lemure
   235 | D:4      | Slain by a lemure

Illustrated notes

Levels and vault maps discovered:
D:4:      layout_loops_cross, nicolae_dithmenos_through_a_glass_darkly,
          zin_academy, minmay_shop_grid_forest, uniq_menkaure, uniq_pikel,
          uniq_grinder
D:5:      layout_gridville, mainiacjoe_overflow_boulevard,
          chequers_serial_rivers_micro_c

Action                   || total
-------------------------++-------
Dodge: Dodged            ||     5

Table legend: (Time is in decaauts)
 A = Elapsed time spent in this place.
 B = Non-inter-level travel time spent in this place.
 C = Inter-level travel time spent in this place.
 D = Time resting spent in this place.
 E = Time spent auto-exploring this place.
 F = Levels seen in this place.
 G = Mean time per level.
                   A        B        C        D        E       F      G
               +--------+--------+--------+--------+--------+-----+--------+
         Total |    151 |    151 |      0 |      0 |      0 |   2 |   75.5 |
       Dungeon |    151 |    151 |      0 |      0 |      0 |   2 |   75.5 |
               +--------+--------+--------+--------+--------+-----+--------+

Top non-repeatable levels by time:
     D:5: 148 daAuts
     D:4: 3 daAuts
